 Dungeon Crawl Stone Soup version 0.23.1 (webtiles) character file.

Game seed: 9258074108257803627

432 pjoxt the Ruffian (level 7, -6/57 HPs)
             Began as a Ghoul Warper on Mar 4, 2019.
             Killed from afar by Dowan (16 damage)
             ... with a shard of ice
             ... on level 4 of the Dungeon.
             The game lasted 00:12:35 (3903 turns).

pjoxt the Ruffian (Ghoul Warper)                    Turns: 3903, Time: 00:12:36

Health: -6/57      AC:  4    Str: 16    XL:     7   Next: 0%
Magic:  2/9        EV: 12    Int:  9    God:
Gold:   2          SH:  0    Dex:  8    Spells: 5/10 levels left

rFire    . . .     SeeInvis .     - Unarmed
rCold    + . .     Gourm    .   (no shield)
rNeg     + + +     Faith    .   a - +0 leather armour
rPois    ∞         Spirit   .   e - +0 helmet (curse)
rElec    .         Reflect  .   (no cloak)
rCorr    .         Harm     .   (no gloves)
MR       +....     Rnd*Tele +   (no boots)
Stlth    +.........             (no amulet)
HPRegen  0.00/turn              v - ring of protection from magic
MPRegen  0.11/turn              y - ring of teleportation (curse)

@: very slightly contaminated, rotting
A: rotting body, claws 1, carnivore, cold resistance 1, negative energy
resistance 3, inhibited regeneration, torment resistance, unbreathing
a: no special abilities


You were on level 4 of the Dungeon.
You were not hungry.

You visited 1 branch of the dungeon, and saw 4 of its levels.

You collected 182 gold pieces.
You spent 180 gold pieces at shops.

Inventory:

Missiles
 d - 5 tomahawks of dispersal (quivered)
 B - 5 poisoned tomahawks
Armour
 a - a +0 leather armour (worn)
 e - a cursed +0 helmet (worn)
 o - a +0 helmet of intelligence
Jewellery
 v - a ring of protection from magic (left claw)
 y - a cursed ring of teleportation (right claw)
Wands
 h - a wand of polymorph (6)
 z - a wand of acid (10)
Scrolls
 c - a scroll of blinking
 i - a scroll of immolation {unknown}
 l - a scroll of fog
 n - a scroll of noise {unknown}
 p - a scroll of enchant weapon
 r - 5 scrolls of teleportation
 t - a scroll of magic mapping
 u - 2 scrolls of amnesia
 D - a scroll of torment {unknown}
Potions
 b - 2 potions of resistance {unknown}
 g - 3 potions of heal wounds
 j - a potion of agility {unknown}
 k - 2 potions of haste
 m - a potion of invisibility {unknown}
 q - 2 potions of flight
 s - a potion of might {unknown}
 w - a potion of lignification {unknown}
 x - a potion of curing {unknown}
 A - a potion of degeneration {unknown}
Comestibles
 f - 6 rations


   Skills:
 + Level 3.4 Fighting
 - Level 0.8 Throwing
 + Level 2.2 Armour
 + Level 2.9 Dodging
 * Level 5.2 Unarmed Combat
 + Level 2.2 Spellcasting
 + Level 3.6 Translocations


You had 5 spell levels left.
You knew the following spells:

 Your Spells              Type           Power        Failure   Level  Hunger
a - Shroud of Golubria    Chrm/Tloc      #.........   28%         2    ###....
b - Teleport Other        Tloc           #.......     26%         3    ####...

Your spell library contained the following spells:

 Spells                   Type           Power        Failure   Level  Hunger
 Blink                    Tloc           N/A          14%         2    ###....
 Gell's Gravitas          Tloc           #.........   26%         3    ####...
 Lesser Beckoning         Tloc           #.........   26%         3    ####...
 Passage of Golubria      Tloc           N/A          65%         4    #####..


Dungeon Overview and Level Annotations

Branches:
Dungeon (4/15)
 Temple: D:4-7

Altars:
Elyvilon
Fedhas
Sif Muna
Yredelemnul

Shops:
D:4 [*[

Annotations:
D:4 Dowan


Innate Abilities, Weirdness & Mutations

Your body is rotting away.
You thrive on raw meat.
You are immune to poison.
You have sharp fingernails.
You are carnivorous and can eat meat at any time.
Your flesh is cold resistant. (rC+)
You are immune to negative energy. (rN+++)
You do not regenerate when monsters are visible.
You are immune to unholy pain and torment.
You can survive without breathing.


Message History

You scratch Dowan.
Dowan is lightly wounded.
Dowan hits you with a +0 dagger.
* * * LOW HITPOINT WARNING * * *
Dowan completely misses you.
You scratch Dowan.
Dowan is moderately wounded.
Dowan misses you. Dowan completely misses you.
You see here a cursed +0 flail.
You miss Dowan.
Dowan is moderately wounded.
Dowan hits you but does no damage. x2
You closely miss Dowan.
Dowan is moderately wounded.
Dowan hits you with a +0 dagger.
* * * LOW HITPOINT WARNING * * *
Dowan casts a spell at you. The shard of ice hits you! You partially resist.
You die...

.###.....#########+#
##.#.#.#....
.##(...#........##.# #.#.....#
.....#.#...####.#..####....####
....##.###.# #.............#
.#####.# #.## ####..........#
.# #.. #...#####..........# .#
##. .##................## .# #
.....>....#..)......# .#
######.@e<####.####..# .#
##..)......# #.# ##
#....####..# .# #######..#)###
#### ##........#...#.....
#..####.........# #####.##
#....##.### #.....# #....# .#
###.#.### ###### .#


You could see Dowan.

Vanquished Creatures
  Duvessa (D:4)
  A scorpion (D:4)
  A howler monkey (D:4)
  Jessica (D:2)
  Ijyb (D:4)
  A worker ant (D:4)
  A hound skeleton (D:4)
  Robin (D:2)
  5 adders
  2 dart slugs
  A leopard gecko (D:2)
  7 orcs
  5 giant cockroaches
  20 goblins
  11 hobgoblins
  12 jackals
  3 quokkas
  3 bats
  6 frilled lizards
  2 kobolds (D:2)
  A leopard gecko skeleton (D:4)
  10 rats
96 creatures vanquished.

Notes
Turn   | Place    | Note
-------+----------+-------------------------------------------
     0 | D:1      | pjoxt the Ghoul Warper began the quest for the Orb.
     0 | D:1      | Reached XP level 1. HP: 17/17 MP: 2/2
    61 | D:1      | Reached XP level 2. HP: 15/24 MP: 3/3
    67 | D:1      | Reached skill level 3 in Unarmed Combat
   512 | D:1      | Reached XP level 3. HP: 25/29 MP: 4/4
   522 | D:1      | Learned a level 2 spell: Shroud of Golubria
   716 | D:1      | Reached skill level 1 in Armour
   939 | D:2      | Noticed Robin
  1349 | D:2      | Noticed Jessica
  1361 | D:2      | Killed Jessica
  1361 | D:2      | Reached skill level 4 in Unarmed Combat
  1361 | D:2      | Reached XP level 4. HP: 25/37 MP: 5/5
  1540 | D:2      | Killed Robin
  1657 | D:2      | Found a deep blue altar of Sif Muna.
  1658 | D:2      | Found a basalt altar of Yredelemnul.
  1703 | D:2      | Reached XP level 5. HP: 24/44 MP: 6/6
  2115 | D:3      | Learned a level 3 spell: Teleport Other
  2524 | D:3      | Found a white marble altar of Elyvilon.
  3532 | D:4      | Found Citeilearr's Antique Armour Emporium.
  3559 | D:4      | Reached XP level 6. HP: 51/51 MP: 4/7
  3591 | D:4      | Found a blossoming altar of Fedhas.
  3790 | D:4      | Found Neptodur's Armour Emporium.
  3798 | D:4      | Bought a +0 helmet of intelligence for 149 gold pieces
  3807 | D:4      | Noticed Ijyb
  3828 | D:4      | Killed Ijyb
  3842 | D:4      | Found Wysmim's Assorted Antiques.
  3847 | D:4      | Bought a scroll labeled MYT WOSMABB for 31 gold pieces
  3861 | D:4      | Noticed Duvessa
  3861 | D:4      | Noticed Dowan
  3891 | D:4      | Killed Duvessa
  3891 | D:4      | Reached skill level 5 in Unarmed Combat
  3891 | D:4      | Reached XP level 7. HP: 16/57 MP: 6/9
  3903 | D:4      | Killed from afar by Dowan

Skill      XL: |  1  2  3  4  5  6 |
---------------+-------------------+-----
Unarmed Combat | 3 4 5 |  5.2
Armour         | 1 2 |  2.2
Dodging        | 2 |  2.9
Translocations | 3 |  3.6
Fighting       | 3 |  3.4
Spellcasting   | 2 |  2.2
Throwing       | |  0.8

Action                   |  1- 3 |  4- 6 |  7- 9 || total
-------------------------+-------+-------+-------++-------
Melee: Unarmed           |   138 |   232 |     4 ||   374
       Punch             |     2 |     4 |       ||     6
 Cast: Shroud of Golubri |       |    14 |       ||    14
  Use: Scroll            |       |    10 |       ||    10
  Eat: Chunk             |     8 |    16 |       ||    24
Armor: Leather armour    |    32 |    51 |     4 ||    87
Dodge: Dodged            |    82 |   161 |     5 ||   248
